 Dungeon Crawl Stone Soup version 0.23.2-40-g277498a001 (webtiles) character file.

Game seed: 12322315600880821305

54 Doot the Gusty (level 3, 0/19 HPs)
             Began as a Tengu Air Elementalist on Oct 14, 2019.
             Slain by a hobgoblin
             ... wielding a +0 club
              (4 damage)
             ... on level 2 of the Dungeon.
             The game lasted 00:04:30 (1605 turns).

Doot the Gusty (Tengu Air Elementalist)             Turns: 1605, Time: 00:04:30

Health: 0/19       AC:  2    Str:  8    XL:     3   Next: 91%
Magic:  0/7        EV: 13    Int: 16    God:
Gold:   94         SH:  0    Dex: 14    Spells: 6/7 levels left

rFire    . . .     SeeInvis .   d - +0 whip
rCold    . . .     Gourm    .   (no shield)
rNeg     . . .     Faith    .   a - +0 robe
rPois    .         Spirit   .   (helmet restricted)
rElec    .         Reflect  .   (no cloak)
rCorr    .         Harm     .   (no gloves)
MR       .....                  (boots unavailable)
Stlth    ++........             (no amulet)
HPRegen  0.06/turn              (no ring)
MPRegen  0.10/turn              (no ring)

@: lethally poisoned (0 -> -11), very slightly contaminated
A: beak, talons 3
a: no special abilities


You were on level 2 of the Dungeon.
You were not hungry.

You visited 1 branch of the dungeon, and saw 2 of its levels.

You collected 94 gold pieces.

Inventory:

Hand Weapons
 d - a +0 whip (weapon)
Armour
 a - a +0 robe (worn)
Scrolls
 f - 2 scrolls of identify {unknown}
 g - a scroll of remove curse {unknown}
 i - a scroll of blinking {unknown}
Potions
 b - a potion of flight {unknown}
 e - 2 potions of heal wounds {unknown}
Comestibles
 c - 4 rations
 h - a chunk of flesh


   Skills:
 + Level 2.4 Dodging
 + Level 2.2 Stealth
 + Level 2.6 Spellcasting
 + Level 2.0 Conjurations
 + Level 5.0 Air Magic


You had 6 spell levels left.
You knew the following spells:

 Your Spells              Type           Power        Failure   Level  Hunger
a - Shock                 Conj/Air       ##..         4%          1    #......

Your spell library contained the following spells:

 Spells                   Type           Power        Failure   Level  Hunger
 Swiftness                Chrm/Air       ##......     11%         2    ##.....
 Static Discharge         Conj/Air       ##......     14%         3    ###....
 Airstrike                Air            ###.......   24%         4    #####..
 Lightning Bolt           Conj/Air       ##........   77%         5    ######.


Dungeon Overview and Level Annotations

Branches:
Dungeon (2/15)

Altars:


Innate Abilities, Weirdness & Mutations

You have a beak for a mouth.
You have claws for feet.


Message History

The adder closely misses you.
Unknown command.
You closely miss the adder.
The adder is almost dead.
The adder closely misses you. The adder bites you.
You are lethally poisoned!
The adder poisons you!
Unknown command.
You closely miss the adder. Your peck misses the adder.
The adder is almost dead.
You feel sick. The adder bites you.
* * * LOW HITPOINT WARNING * * *
You are more poisoned.
The adder poisons you!
Unknown command.
You closely miss the adder. You peck the adder.
You kill the adder!
* * * LOW HITPOINT WARNING * * *
You feel sick. The hobgoblin hits you with a +0 club.
You die...

####''####..##.# .##........#
##§≈≈..§§≈#####.##.##........#
#§§......≈≈##......##........#
≈≈§..##...≈≈##.....##........#
≈§§..##...§§§##)...##.(......#
.....##...§§§§##...##.########
.[...##..§...≈≈##..#
....####......≈##g.# ...##
#.....≈#@..##.## ####
####..'.#.....# ####
#####..'.#)##..# ...##
##.....≈###.# .#
....####......§# #..
.....##......≈≈# ...
..(..##.....≈≈## .g..
§....##...§§§## ....
§≈§..##...§§## ###.#.


You could see a hobgoblin.

Vanquished Creatures
  An adder (D:2)
  A dart slug (D:1)
  A leopard gecko (D:2)
  5 bats
  2 giant cockroaches (D:1)
  9 goblins
  6 hobgoblins
  2 ball pythons (D:1)
  5 frilled lizards
  2 kobolds
  7 rats
41 creatures vanquished.

Notes
Turn   | Place    | Note
-------+----------+-------------------------------------------
     0 | D:1      | Doot the Tengu Air Elementalist began the quest for the
                  | Orb.
     0 | D:1      | Reached XP level 1. HP: 10/10 MP: 4/4
   272 | D:1      | Reached XP level 2. HP: 15/15 MP: 3/6
   912 | D:1      | Reached XP level 3. HP: 19/19 MP: 4/7
  1330 | D:2      | Reached skill level 5 in Air Magic
  1605 | D:2      | Slain by a hobgoblin

Skill      XL: |  1  2  3 |
---------------+----------+-----
Conjurations   | 2 |  2.0
Air Magic      | 5 |  5.0
Dodging        | |  2.4
Stealth        | |  2.2
Spellcasting   | |  2.6

Action                   || total
-------------------------++-------
Melee: Whip              ||     8
       Kick              ||     2
       Peck              ||     1
 Cast: Shock             ||    72
  Eat: Chunk             ||     3
Armor: Robe              ||    10
Dodge: Dodged            ||    35
